 Seeded DCSS version 0.27.0-1-g7a08968 (webtiles) character file.

Game seed: 17848141825139092340 (custom seed)

46 NeededCrab the Skirmisher (level 3, -1/61 HPs)
             Began as an Ogre Berserker on Oct 22, 2021.
             Was a Follower of Trog.
             Slain by Sigmund (6 damage)
             ... on level 2 of the Dungeon.
             The game lasted 00:02:26 (1176 turns).

NeededCrab the Skirmisher (Ogre Berserker)          Turns: 1176, Time: 00:02:27

Health: -1/61      AC: 21    Str: 19 (21) XL:     3   Next: 66%
Magic:  3/3        EV:  1    Int:  6 (8)  God:    Trog [*.....]
Gold:   59         SH:  0    Dex:  8 (9)  Spells: 2/2 levels left

rFire    . . .     SeeInvis .   a - +0 mace
rCold    . . .     Faith    +   (no shield)
rNeg     + + +     Spirit   .   (armour currently unavailable)
rPois    +         Reflect  .   (helmet currently unavailable)
rElec    .         Harm     .   (cloak currently unavailable)
rCorr    .         Rampage  .   (gloves unavailable)
Will     .....     NoTele   +   (boots unavailable)
Stlth    +.........             c - amulet of faith
HPRegen  0.20/turn              (no ring)
MPRegen  0.08/turn              (no ring)

@: confused, tree-form, on berserk cooldown, attractive, slowed, very slow
A: stationary, stasis, torment immunity, boosted hp, large, unfitting armour,
(tough skin 1)
a: Renounce Religion, Berserk


You were on level 2 of the Dungeon.
You worshipped Trog.
Trog was aware of your devotion.
You were a tree.
You visited 1 branch of the dungeon, and saw 2 of its levels.

You collected 59 gold pieces.

Inventory:

Hand Weapons
 a - a +0 mace (weapon)
Armour
 b - a +0 animal skin (melded)
Jewellery
 c - an amulet of faith (around neck)
Scrolls
 f - a scroll of immolation {unknown}
 i - a scroll of teleportation {unknown}


   Skills:
 + Level 4.8 Fighting
 + Level 3.2 Maces & Flails
 + Level 3.2 Dodging


You had 2 spell levels left.
You didn't know any spells.
Your spell library was empty.

Dungeon Overview and Level Annotations

Branches:
Dungeon (2/15)

Altars:

Annotations:
D:2 Sigmund


Innate Abilities, Weirdness & Mutations

You are a tree.
Your roots penetrate the ground, keeping you stationary.
You cannot be teleported.
You are immune to unholy pain and torment.
Your maximum health is greatly increased.
Your equipment is partially melded.
You are too large for most types of armour.
((You have tough skin. (AC +1)))


Message History

Sigmund shouts!
You hear an angry hiss.
Sigmund points at you and mumbles some strange words.
The puff of flame hits you!
* * * LOW HITPOINT WARNING * * *
It was a potion of degeneration.
There was something very wrong with that liquid.
You feel weakened.
You feel dopey.
You feel clumsy.
It was a potion of berserk rage.
You're still recovering from your berserk rage.
It was a potion of lignification.
You turn into a tree.
Your +0 animal skin melds into your body.
Your roots penetrate the ground.
Sigmund screams, "I am the angel of ZOT!!!"
Sigmund casts a spell at you.
You are confused.
Sigmund hits you but does no damage.
It was a potion of attraction.
You feel attractive to monsters.
Sigmund hits you from afar with a +0 scythe!
* * * LOW HITPOINT WARNING * * *
Sigmund is pulled toward you!
You cannot move. (Use ctrl+direction or * direction to attack without moving.)
You cannot move. (Use ctrl+direction or * direction to attack without moving.) There's something in the way.
You cannot move. (Use ctrl+direction or * direction to attack without moving.) There's something in the way.
You miss Sigmund. Sigmund hits you but does no damage. x2
You hit Sigmund.
Sigmund is lightly wounded.
You feel less confused. Sigmund hits you but does no damage.
Sigmund gestures at you while chanting.
You are confused.
You nearly hit yourself!
Sigmund hits you with a +0 scythe.
* * * LOW HITPOINT WARNING * * *
There's something in the way.
You miss Sigmund.
Sigmund is lightly wounded.
Sigmund hits you but does no damage. Sigmund hits you with a +0 scythe.
You die...

...........#.#.#
.............###
...........@.... .
##.....@...... #........
#.?........... #.........
#............. ..........
#....####.....
........[.####.@####.....
...........###..♣.......#
....# #................#
....####.......>.........
........................
..##.)..................
...+.......####.........
####.......# #.........
........#'#####.######..
.................


You could see Sigmund.

Vanquished Creatures
  Natasha (D:2)
  A worm (D:2)
  2 ball pythons (D:1)
  3 endoplasms
  A giant cockroach (D:1)
  2 goblins
  A hobgoblin (D:1)
  2 quokkas (D:1)
  A frilled lizard (D:1)
  3 kobolds (D:1)
  A rat (D:1)
18 creatures vanquished.

Notes
Turn   | Place    | Note
-------+----------+-------------------------------------------
     0 | D:1      | NeededCrab the Ogre Berserker began the quest for the Orb.
     0 | D:1      | Reached XP level 1. HP: 24/24 MP: 1/1
   165 | D:1      | Reached XP level 2. HP: 28/32 MP: 2/2
  1141 | D:2      | Noticed Natasha
  1152 | D:2      | Killed Natasha
  1153 | D:2      | Reached XP level 3. HP: 37/40 MP: 3/3
  1163 | D:2      | Noticed Sigmund
  1176 | D:2      | Slain by Sigmund

Illustrated notes

Levels and vault maps discovered:
D:1:      onia_arrival_handbag, layout_basic
D:2:      layout_basic, hellmonk_ecumenical_altar_watching_god, st_stairs_11,
          minmay_misc_feat_four_crosses, uniq_sigmund, uniq_natasha

Skill      XL: |  1  2 |
---------------+-------+-----
Dodging        | 3 |  3.2
Maces & Flails | 3 |  3.2
Fighting       | |  4.8

Action                   || total
-------------------------++-------
Melee: Mace              ||    55
Invok: Berserk           ||     1
  Use: Potion            ||     4
Armor: Animal skin       ||    12
       Skin              ||     5
Dodge: Dodged            ||    22
